% Time on Ice - NORTH DAKOTA HAWKS
Lines # - Real PCT - Wanted PCT - Time Play
Normal Forward
1 - 26% - 30% - 11:13
2 - 37% - 27% - 16:07
3 - 22% - 22% - 9:44
4 - 15% - 21% - 6:31
Normal Defense
1 - 35% - 36% - 15:22
2 - 35% - 33% - 15:12
3 - 29% - 20% - 12:41
4 - 1% - 11% - 0:20
PP Forward
1 - 54% - 65% - 2:32
2 - 46% - 35% - 2:10
PP Defense
1 - 46% - 65% - 2:10
2 - 54% - 35% - 2:32
PK Forward
1 - 67% - 55% - 7:49
2 - 33% - 45% - 3:54
PK Defense
1 - 48% - 55% - 5:40
2 - 52% - 45% - 6:03
PK3 Forward
1 - 0% - 55%
2 - 0% - 45%
PK3 Defense
1 - 0% - 55%
2 - 0% - 45%
44 Forward
1 - 0% - 55%
2 - 0% - 45%
44 Defense
1 - 0% - 55%
2 - 0% - 45%
Last Minute Offensive  - 0:00
Last Minute Defensive  - 0:00
Total
Forward - 60:00
Defense - 60:00
% Time on Ice - EDMONTON ICE
Lines # - Real PCT - Wanted PCT - Time Play
Normal Forward
1 - 36% - 37% - 15:38
2 - 30% - 35% - 13:01
3 - 21% - 22% - 9:19
4 - 13% - 6% - 5:37
Normal Defense
1 - 38% - 36% - 16:35
2 - 35% - 34% - 15:25
3 - 27% - 23% - 11:35
4 - 0% - 7% - 0:00
PP Forward
1 - 51% - 60% - 5:57
2 - 49% - 40% - 5:46
PP Defense
1 - 53% - 55% - 6:15
2 - 47% - 45% - 5:28
PK Forward
1 - 58% - 55% - 2:43
2 - 42% - 45% - 1:59
PK Defense
1 - 55% - 55% - 2:35
2 - 45% - 45% - 2:07
PK3 Forward
1 - 0% - 55%
2 - 0% - 45%
PK3 Defense
1 - 0% - 55%
2 - 0% - 45%
44 Forward
1 - 0% - 55%
2 - 0% - 45%
44 Defense
1 - 0% - 55%
2 - 0% - 45%
Last Minute Offensive  - 0:00
Last Minute Defensive  - 0:00
Total
Forward - 60:00
Defense - 60:00
Play-by-Play 1st period 0:01 of 1st period - Nic Dowd wins face-off versus Patric Hornqvist in neutral zone. 0:14 of 1st period - Off-side. 0:15 of 1st period - Valtteri Filppula wins face-off versus Logan Brown in neutral zone. 0:17 of 1st period - Jaden Schwartz is hit by Brenden Dillon. 0:24 of 1st period - Icing by Corey Perry. 0:25 of 1st period - Eric Fehr wins face-off versus Logan Brown in NORTH DAKOTA HAWKS zone. 0:48 of 1st period - Off-side. 0:49 of 1st period - Derek Grant wins face-off versus Ondrej Kase in neutral zone. 1:08 of 1st period - Icing by Martin Marincin. 1:09 of 1st period - Ryan O'Reilly wins face-off versus Derek Grant in NORTH DAKOTA HAWKS zone. 1:34 of 1st period - Shot by Patric Hornqvist. 1:34 of 1st period - Shot Blocked by Marc Methot. 1:36 of 1st period - Shot by Ryan O'Reilly. 1:36 of 1st period - Stopped by Scott Darling without a rebound. 1:37 of 1st period - Oscar Lindberg wins face-off versus Brendan Gallagher in NORTH DAKOTA HAWKS zone. 1:53 of 1st period - Icing by Marc Staal. 1:54 of 1st period - Jaden Schwartz wins face-off versus Phil Varone in NORTH DAKOTA HAWKS zone. 2:24 of 1st period - Dougie Hamilton is hit by Ondrej Kase and loses puck. 2:36 of 1st period - Icing by Markus Nutivaara. 2:37 of 1st period - Logan Brown wins face-off versus Jaden Schwartz in EDMONTON ICE zone. 2:50 of 1st period - Shot by Corey Perry. 2:50 of 1st period - Stopped by Jake Allen without a rebound. 2:51 of 1st period - Ryan O'Reilly wins face-off versus Derek Grant in EDMONTON ICE zone. 2:51 of 1st period - Ryan O'Reilly is hit by Derek Grant. 2:56 of 1st period - Jeff Petry is hit by Ryan Carpenter and loses puck. 3:00 of 1st period - Minor Penalty to Marc Methot for Slashing. 3:01 of 1st period - Ryan O'Reilly wins face-off versus Brendan Gallagher in NORTH DAKOTA HAWKS zone. 3:38 of 1st period - Shot by Ryan O'Reilly. 3:38 of 1st period - Shot Blocked by Marc Staal. 3:40 of 1st period - Shot by Oscar Klefbom. 3:40 of 1st period - Shot Blocked by Marc Staal. 3:42 of 1st period - Shot by Jaden Schwartz. 3:42 of 1st period - Stopped by Scott Darling with a rebound. 3:44 of 1st period - Shot by Oscar Klefbom. 3:44 of 1st period - Goal by Oscar Klefbom - NORTH DAKOTA HAWKS : 0 - EDMONTON ICE : 1. 3:45 of 1st period - Nic Dowd wins face-off versus Eric Fehr in neutral zone. 4:11 of 1st period - Minor Penalty to Eric Fehr for Roughing. 4:12 of 1st period - Tanner Pearson wins face-off versus Logan Brown in EDMONTON ICE zone. 4:27 of 1st period - Shot by Logan Brown. 4:27 of 1st period - Stopped by Jake Allen without a rebound. 4:28 of 1st period - Nic Dowd wins face-off versus Tanner Pearson in EDMONTON ICE zone. 6:17 of 1st period - Icing by Markus Nutivaara. 6:18 of 1st period - Patric Hornqvist wins face-off versus Brendan Gallagher in EDMONTON ICE zone. 6:59 of 1st period - Shot by Ryan O'Reilly. 6:59 of 1st period - Stopped by Scott Darling without a rebound. 7:00 of 1st period - Valtteri Filppula wins face-off versus Logan Brown in NORTH DAKOTA HAWKS zone. 7:08 of 1st period - Minor Penalty to Valtteri Filppula for Interference. 7:09 of 1st period - Eric Fehr wins face-off versus Logan Brown in EDMONTON ICE zone. 8:21 of 1st period - Shot by Brendan Gallagher. 8:21 of 1st period - Shot Blocked by Oscar Klefbom. 8:23 of 1st period - Shot by Marc Staal. 8:23 of 1st period - Stopped by Jake Allen without a rebound. 8:24 of 1st period - Eric Fehr wins face-off versus Nic Dowd in EDMONTON ICE zone. 8:24 of 1st period - Eric Fehr is hit by Matthew Nieto. 9:01 of 1st period - Icing by Brendan Gallagher. 9:02 of 1st period - Eric Fehr wins face-off versus Nic Dowd in NORTH DAKOTA HAWKS zone. 9:19 of 1st period - Shot by Derek Grant. 9:19 of 1st period - Deflect By Ryan Carpenter. 9:19 of 1st period - Shot Misses the Net. 9:38 of 1st period - Shot by Ryan O'Reilly. 9:38 of 1st period - Stopped by Scott Darling without a rebound. 9:39 of 1st period - Valtteri Filppula wins face-off versus Logan Brown in NORTH DAKOTA HAWKS zone. 9:46 of 1st period - Shot by Jaden Schwartz. 9:46 of 1st period - Shot Misses the Net. 9:48 of 1st period - Shot by Ondrej Kase. 9:48 of 1st period - Shot Blocked by Dougie Hamilton. 9:50 of 1st period - Shot by Jaden Schwartz. 9:50 of 1st period - Shot Misses the Net. 10:01 of 1st period - Dougie Hamilton is hit by Ondrej Kase and loses puck. 10:24 of 1st period - Shot by Jaden Schwartz. 10:24 of 1st period - Stopped by Scott Darling without a rebound. 10:25 of 1st period - Ryan O'Reilly wins face-off versus Brendan Gallagher in NORTH DAKOTA HAWKS zone. 10:35 of 1st period - Shot by Anthony Mantha. 10:35 of 1st period - Stopped by Scott Darling without a rebound. 10:36 of 1st period - Derek Grant wins face-off versus Eric Fehr in NORTH DAKOTA HAWKS zone. 10:36 of 1st period - Derek Grant is hit by Eric Fehr. 10:52 of 1st period - Shot by Michael Raffl. 10:52 of 1st period - Shot Misses the Net. 10:55 of 1st period - Icing by Andrew MacDonald. 10:56 of 1st period - Nic Dowd wins face-off versus Eric Fehr in EDMONTON ICE zone. 11:09 of 1st period - Shot by Matthew Nieto. 11:09 of 1st period - Stopped by Jake Allen without a rebound. 11:10 of 1st period - Ryan O'Reilly wins face-off versus Corey Perry in EDMONTON ICE zone. 11:12 of 1st period - Icing by Anthony Mantha. 11:13 of 1st period - Ryan O'Reilly wins face-off versus Nic Dowd in EDMONTON ICE zone. 11:22 of 1st period - Shot by Matthew Nieto. 11:22 of 1st period - Shot Misses the Net. 11:40 of 1st period - Shot by Anthony Mantha. 11:40 of 1st period - Shot Misses the Net. 12:09 of 1st period - Alexandre Fortin is hit by Oscar Klefbom and loses puck. 12:12 of 1st period - Shot by Dougie Hamilton. 12:12 of 1st period - Shot Blocked by Oscar Klefbom. 12:14 of 1st period - Shot by Marc Staal. 12:14 of 1st period - Shot Misses the Net. 12:16 of 1st period - Shot by Marc Staal. 12:16 of 1st period - Stopped by Jake Allen without a rebound. 12:17 of 1st period - Eric Fehr wins face-off versus Michael Raffl in EDMONTON ICE zone. 12:23 of 1st period - Off-side. 12:24 of 1st period - Valtteri Filppula wins face-off versus Derek Grant in neutral zone. 12:27 of 1st period - Shot by Ondrej Kase. 12:27 of 1st period - Shot Hit the Post. 12:44 of 1st period - Shot by Jaden Schwartz. 12:44 of 1st period - Stopped by Scott Darling without a rebound. 12:45 of 1st period - Eric Fehr wins face-off versus Logan Brown in NORTH DAKOTA HAWKS zone. 13:50 of 1st period - Shot by Ondrej Kase. 13:50 of 1st period - Shot Misses the Net. 13:52 of 1st period - Shot by Oscar Klefbom. 13:52 of 1st period - Stopped by Scott Darling with a rebound. 13:54 of 1st period - Shot by Jaden Schwartz. 13:54 of 1st period - Stopped by Scott Darling without a rebound. 13:55 of 1st period - Ryan O'Reilly wins face-off versus Nic Dowd in NORTH DAKOTA HAWKS zone. 15:13 of 1st period - Shot by Michael Raffl. 15:13 of 1st period - Stopped by Jake Allen without a rebound. 15:14 of 1st period - Eric Fehr wins face-off versus Brendan Gallagher in EDMONTON ICE zone. 15:14 of 1st period - Eric Fehr is hit by Brendan Gallagher. 15:40 of 1st period - Shot by Loui Eriksson. 15:40 of 1st period - Stopped by Scott Darling without a rebound. 15:41 of 1st period - Michael Raffl wins face-off versus Valtteri Filppula in NORTH DAKOTA HAWKS zone. 16:16 of 1st period - Derek Grant is hit by Valtteri Filppula and loses puck. 17:05 of 1st period - Minor Penalty to Marc Staal for Interference. 17:06 of 1st period - Ryan O'Reilly wins face-off versus Brendan Gallagher in NORTH DAKOTA HAWKS zone. 17:09 of 1st period - Shot by Jaden Schwartz. 17:09 of 1st period - Shot Blocked by Brenden Dillon. 17:11 of 1st period - Shot by Colton Parayko. 17:11 of 1st period - Stopped by Scott Darling with a rebound. 17:13 of 1st period - Shot by Colton Parayko. 17:13 of 1st period - Stopped by Scott Darling with a rebound. 17:15 of 1st period - Shot by Ryan O'Reilly. 17:15 of 1st period - Shot Misses the Net. 18:07 of 1st period - Shot by Oscar Klefbom. 18:07 of 1st period - Stopped by Scott Darling with a rebound. 18:09 of 1st period - Shot by Anthony Mantha. 18:09 of 1st period - Goal by Anthony Mantha - NORTH DAKOTA HAWKS : 0 - EDMONTON ICE : 2. 18:10 of 1st period - Logan Brown wins face-off versus Oscar Lindberg in neutral zone. 18:10 of 1st period - Alexandre Fortin is hit by Tanner Pearson. 18:25 of 1st period - Shot by Tanner Pearson. 18:25 of 1st period - Stopped by Scott Darling without a rebound. 18:26 of 1st period - Eric Fehr wins face-off versus Nic Dowd in NORTH DAKOTA HAWKS zone. 19:06 of 1st period - Icing by Colton Parayko. 19:07 of 1st period - Alexandre Fortin wins face-off versus Conor Sheary in EDMONTON ICE zone. 19:58 of 1st period - Icing by Ryan O'Reilly. 19:59 of 1st period - Ryan O'Reilly wins face-off versus Brendan Gallagher in EDMONTON ICE zone. Goals for this period are 0 for NORTH DAKOTA HAWKS vs 2 for EDMONTON ICE. Shots for this period are 6 for NORTH DAKOTA HAWKS vs 16 for EDMONTON ICE. 2nd period 0:01 of 2nd period - Nic Dowd wins face-off versus Patric Hornqvist in neutral zone. 0:18 of 2nd period - Shot by Anthony Mantha. 0:18 of 2nd period - Stopped by Scott Darling without a rebound. 0:19 of 2nd period - Ryan Carpenter wins face-off versus Valtteri Filppula in NORTH DAKOTA HAWKS zone. 0:21 of 2nd period - Icing by Michael Raffl. 0:22 of 2nd period - Jaden Schwartz wins face-off versus Derek Grant in NORTH DAKOTA HAWKS zone. 0:35 of 2nd period - Ondrej Kase is hit by Marc Staal and loses puck. 0:36 of 2nd period - Minor Penalty to Dougie Hamilton for Roughing. 0:37 of 2nd period - Ryan O'Reilly wins face-off versus Brendan Gallagher in NORTH DAKOTA HAWKS zone. 1:01 of 2nd period - Shot by Jeff Petry. 1:01 of 2nd period - Shot Misses the Net. 1:03 of 2nd period - Shot by Oscar Klefbom. 1:03 of 2nd period - Stopped by Scott Darling without a rebound. 1:04 of 2nd period - Derek Grant wins face-off versus Conor Sheary in NORTH DAKOTA HAWKS zone. 1:12 of 2nd period - Off-side. 1:13 of 2nd period - Derek Grant wins face-off versus Anthony Mantha in neutral zone. 1:51 of 2nd period - Shot by Colton Parayko. 1:51 of 2nd period - Shot Misses the Net. 1:53 of 2nd period - Shot by Anthony Mantha. 1:53 of 2nd period - Stopped by